 Dungeon Crawl Stone Soup version 0.20.1-1-g8b1a95d (webtiles) character file.

51 Ymberti the Firebug (level 3, 0/20 HPs)
             Began as a Deep Elf Fire Elementalist on Sept 16, 2017.
             Slain by a shadow imp (6 damage)
             ... summoned by Natasha
             ... on level 2 of the Dungeon.
             The game lasted 00:07:21 (1377 turns).

Ymberti the Firebug (Deep Elf Fire Elementalist)    Turns: 1377, Time: 00:07:22

Health: 0/20       AC:  4    Str:  5    XL:     3   Next: 58%
Magic:  6/10       EV: 12    Int: 20    God:
Gold:   43         SH:  0    Dex: 15    Spells: 3/9 levels left

rFire    . . .     SeeInvis .   d - +0 hand axe
rCold    . . .     Gourm    .   (no shield)
rNeg     . . .     Faith    .   m - +1 leather armour {MR+}
rPois    .         Spirit   .   (no helmet)
rElec    .         Reflect  .   (no cloak)
rCorr    .         Harm     .   (no gloves)
MR       +....                  (no boots)
Stlth    ++........             (no amulet)
Regen    0.1/turn               (no ring)
MPRegen  0.2/turn               (no ring)

@: no status effects
A: no striking features
a: no special abilities


You were on level 2 of the Dungeon.
You were near starving.

You visited 1 branch of the dungeon, and saw 2 of its levels.

You collected 43 gold pieces.

Inventory:

Hand Weapons
 d - a +0 hand axe (weapon)
Armour
 m - a +1 leather armour of magic resistance (worn)
Scrolls
 h - a scroll of identify
 l - a scroll of teleportation {unknown}
Potions
 e - a potion of haste
 f - a potion of agility {unknown}
 g - a potion of mutation {unknown}
 i - a potion of flight {unknown}
 j - a potion of curing {unknown}
Books
 b - a book of Flames

   Spells                             Type                      Level
   a - Flame Tongue                   Conjuration/Fire             1
   b - Throw Flame                    Conjuration/Fire             2
   c - Conjure Flame                  Conjuration/Fire             3
   d - Inner Flame                    Hexes/Fire                   3
   e - Sticky Flame                   Conjuration/Fire             4
   f - Fireball                       Conjuration/Fire             5
Comestibles
 c - 2 bread rations
 k - a meat ration


   Skills:
 + Level 0.4 Fighting
 + Level 0.2 Axes
 + Level 2.5 Dodging
 + Level 2.9 Stealth
 + Level 3.8 Spellcasting
 + Level 1.3 Conjurations
 + Level 4.0 Fire Magic


You had 3 spell levels left.
You knew the following spells:

 Your Spells              Type           Power        Failure   Level  Hunger
a - Flame Tongue          Conj/Fire      ##...        7%          1    None
b - Throw Flame           Conj/Fire      ##....       11%         2    ##.....
c - Conjure Flame         Conj/Fire      ##......     22%         3    ###....


Dungeon Overview and Level Annotations

Branches:
Dungeon (2/15)

Altars:
Hepliaklqana
Trog

Annotations:
D:2 Natasha


Message History

The flame tongue hits Natasha.
Natasha is severely wounded.
Natasha claws you but does no damage.
Casting: Flame Tongue
Confirm with . or Enter, or press ? or * to list all spells.
Aiming: Flame Tongue
Press: ? - help, Shift-Dir - straight line, f/p - Natasha
Aim: Natasha (severely wounded)
The flame tongue hits Natasha.
Natasha is severely wounded.
Natasha casts a spell.
Casting: Flame Tongue
Confirm with . or Enter, or press ? or * to list all spells.
Aiming: Flame Tongue
Press: ? - help, Shift-Dir - straight line, f/p - Natasha
Aim: Natasha (severely wounded)
The flame tongue hits Natasha.
Natasha is almost dead.
The shadow imp hits you.
You die...

#.# #.# #.# #.# #.#
######### #.#
#.......# #.#
#....5..##########)#
+.....@.'..........#
#......h############
#####....$ #.#####
#. #. #. #.


You could see Natasha and a shadow imp.

Vanquished Creatures
  A worm (D:2)
  A dart slug (D:1)
  4 leopard geckos
  5 bats
  3 giant cockroaches
  3 hobgoblins
  2 jackals (D:2)
  4 frilled lizards
  7 goblins
  6 kobolds (D:1)
  5 rats
41 creatures vanquished.

Notes
Turn   | Place    | Note
-------+----------+-------------------------------------------
     0 | D:1      | Ymberti the Deep Elf Fire Elementalist began the quest for the Orb.
     0 | D:1      | Reached XP level 1. HP: 10/10 MP: 6/6
   272 | D:1      | Reached XP level 2. HP: 13/15 MP: 6/8
   638 | D:1      | Reached XP level 3. HP: 1/19 MP: 6/10
   714 | D:1      | Learned a level 2 spell: Throw Flame
   718 | D:1      | Learned a level 3 spell: Conjure Flame
  1009 | D:2      | Reached skill level 4 in Fire Magic
  1093 | D:2      | Found a bloodstained altar of Trog.
  1249 | D:2      | Found a bloodstained altar of Trog.
  1249 | D:2      | Found a hazy altar of Hepliaklqana.
  1370 | D:2      | Noticed Natasha
  1377 | D:2      | Slain by a shadow imp

Skill      XL: |  1  2  3 |
---------------+----------+-----
Fire Magic     | 4 |  4.0
Fighting       | |  0.4
Axes           | |  0.2
Dodging        | |  2.5
Stealth        | |  2.9
Spellcasting   | |  3.8
Conjurations   | |  1.3

Action                   || total
-------------------------++-------
Melee: Hand axe          ||    76
 Cast: Flame Tongue      ||    52
       Throw Flame       ||     3
  Use: Scroll            ||     2
 Stab: Sleeping          ||     3
Armor: Robe              ||     8
       Leather armour    ||     1
Dodge: Dodged            ||    55
